 Dungeon Crawl Stone Soup version 0.29-a0-330-g52719c12eb (webtiles) character file.

Game seed: 11360646170708150135

941 HoaS the Quickloader (level 8, -1/73 HPs)
             Began as a Kobold Hunter on May 21, 2022.
             Slain by an unseen horror (3 damage)
             ... on level 5 of the Dungeon.
             The game lasted 00:11:34 (4035 turns).

HoaS the Quickloader (Kobold Hunter)                Turns: 4035, Time: 00:11:34

Health: -1/73      AC: 27    Str:  9    XL:     8   Next: 34%
Magic:  8/8        EV:  3    Int: 10    God:
Gold:   201        SH: 12    Dex: 20    Spells: 7/7 levels left

rFire   . . .      SeeInvis .   (weapon restricted)
rCold   . . .      Faith    .   n - +2 buckler {AC+3}
rNeg    . . .      Spirit   .   (body armour currently unavailable)
rPois   +          Reflect  +   (helmet currently unavailable)
rElec   .          Harm     .   (cloak currently unavailable)
rCorr   .          Rampage  .   (gloves currently unavailable)
Will    .....      NoTele   +   (boots currently unavailable)
Stlth   ++++......              q - amulet of reflection
HPRegen 0.22/turn               k - +4 ring of evasion
MPRegen 0.11/turn               (no ring)

@: tree-form
A: stationary, stasis, torment immunity, boosted hp, small, no large weapons,
nightstalker 3
a: no special abilities


You were on level 5 of the Dungeon.
You were a tree.
You visited 1 branch of the dungeon, and saw 5 of its levels.
You also visited: Sewer.

You collected 201 gold pieces.

Inventory:

Hand Weapons
 a - a +1 hand crossbow
Armour
 b - a +0 cloak (melded)
 d - a +2 helmet (melded)
 i - a +2 pair of boots (melded)
 n - a +2 buckler of protection (worn)
 r - the +1 ring mail of Lies (melded) {rPois Str+3}
   (You found it on level 4 of the Dungeon)

   Str:       It affects your strength (+3).
   rPois:     It protects you from poison.
Jewellery
 k - a +4 ring of evasion (left branch)
 q - an amulet of reflection (around neck)
Wands
 l - a wand of iceblast (1)
 o - a wand of digging (4)
Scrolls
 c - a scroll of immolation
 g - 2 scrolls of magic mapping
 j - a scroll of blinking
Potions
 h - a potion of attraction


   Skills:
 * Level 5.1 Fighting
 - Level 10.0 Crossbows
 * Level 5.5 Dodging
 - Level 3.0 Stealth


You had 7 spell levels left.
You didn't know any spells.
Your spell library contained the following spells:

 Spells                   Type           Power      Damage    Failure   Level
 Summon Forest            Summ/Tloc      0%         N/A       100%        5
 Summon Mana Viper        Hex/Summ       0%         N/A       100%        5
 Summon Cactus Giant      Summ           0%         N/A       100%        6


Dungeon Overview and Level Annotations

Branches:
Dungeon (5/15)             Temple (0/1) D:4           Sewer (visited)

Altars:

Annotations:
D:5 Duvessa


Innate Abilities, Weirdness & Mutations

You are a tree.
Your roots penetrate the ground, keeping you stationary.
You cannot be teleported.
You are immune to unholy pain and torment.
Your maximum health is greatly increased.
Your equipment is partially melded.
You are small and have problems with some larger weapons.
You are completely attuned to the shadows.


Message History

You shoot a bolt. Something hits you!
* * * LOW HITPOINT WARNING * * *
Shoot: a) +1 hand crossbow
Press: ? - help, Q - select action, (/) - cycle Shift-Dir - straight line You shoot a bolt.
Something barely misses you.
Shoot: a) +1 hand crossbow
Press: ? - help, Q - select action, (/) - cycle Shift-Dir - straight line You shoot a bolt.
Something barely misses you.
Shoot: a) +1 hand crossbow
Press: ? - help, Q - select action, (/) - cycle Shift-Dir - straight line You shoot a bolt.
Something hits you but does no damage.
It was a potion of lignification.
You turn into a tree.
Your +0 cloak melds into your body.
Your +2 helmet melds into your body.
Your +2 pair of boots melds into your body.
The +1 ring mail of Lies {rPois Str+3} melds into your body.
Your roots penetrate the ground.
Okay, then.
You are now empty-handed.
You cannot move.
You cannot move.
You cannot move.
You cannot move.
You cannot move.
You cannot move.
You cannot move.
You cannot move.
You cannot move.
You cannot move.
You cannot move.
You barely miss something. Something hits you.
* * * LOW HITPOINT WARNING * * *
You swing at nothing.
Something hits you.
* * * LOW HITPOINT WARNING * * *
You swing at nothing.
Something hits you but does no damage.
You swing at nothing.
Something hits you.
You die...

.# #... ...
..... ..#
..#...
..#[#†..#[#
#...#...#.
...†.).....
#..###†#.#
... #♣# #.
#.# #.# #.#
#.#


There were no monsters in sight!

Vanquished Creatures
  A steam dragon (D:5)
  A sky beast (D:5)
  A black bear (D:5)
  A bullfrog (Sewer)
  A phantom (D:5)
  3 scorpions (D:5)
  3 orc wizards
  12 adders
  3 worms
  3 dart slugs
  9 orcs
  8 endoplasms
  11 giant cockroaches
  5 goblins
  3 hobgoblins
  6 jackals
  10 quokkas
  8 ball pythons
  13 bats
  15 frilled lizards
  9 kobolds
  5 rats
131 creatures vanquished.

Notes
Turn   | Place    | Note
-------+----------+-------------------------------------------
     0 | D:1      | HoaS the Kobold Hunter began the quest for the Orb.
     0 | D:1      | Reached XP level 1. HP: 12/12 MP: 1/1
    89 | D:1      | Reached XP level 2. HP: 17/17 MP: 2/2
   116 | D:1      | Reached skill level 6 in Crossbows
   481 | D:1      | Reached XP level 3. HP: 21/21 MP: 3/3
   827 | D:2      | HP: 1/21 [poisoned by an adder]
   828 | D:2      | Reached skill level 7 in Crossbows
   885 | D:2      | Reached XP level 4. HP: 24/26 MP: 4/4
   961 | D:2      | Identified the +5 trident of Eternal Vigilance {drain, rF+
                  | Str+3 Dex+3}
  1428 | D:3      | Reached XP level 5. HP: 30/30 MP: 5/5
  1433 | D:3      | Reached skill level 8 in Crossbows
  2040 | D:4      | Reached skill level 9 in Crossbows
  2040 | D:4      | Reached XP level 6. HP: 30/35 MP: 6/6
  2052 | D:4      | Found a staircase to the Ecumenical Temple.
  2140 | D:4      | Found a glowing drain.
  2144 | Sewer    | Entered a sewer
  2568 | Sewer    | Reached skill level 10 in Crossbows
  3087 | D:4      | Reached XP level 7. HP: 40/40 MP: 7/7
  3129 | D:4      | Identified the +6 whip of Laomot Otse {protect, rF- rC++
                  | Dex+7}
  3196 | D:4      | Identified the +1 ring mail of Lies {rPois Str+3}
  3416 | D:5      | Entered Level 5 of the Dungeon
  3434 | D:5      | Noticed a steam dragon
  3445 | D:5      | Killed a steam dragon
  3749 | D:5      | Noticed Duvessa
  3920 | D:5      | Reached XP level 8. HP: 48/48 MP: 8/8
  3999 | D:5      | Reached skill level 5 in Dodging
  4003 | D:5      | HP: 1/48 [something (7)]
  4015 | D:5      | Reached skill level 5 in Fighting
  4026 | D:5      | HP: 2/49 [something (8)]
  4032 | D:5      | HP: 2/73 [something (2)]
  4035 | D:5      | Slain by an unseen horror

Illustrated notes

Levels and vault maps discovered:
D:1:      nicolae_arrival_memento_mori, layout_rooms,
          chequers_serial_rivers_room_b, minmay_misc_feat_x
D:2:      layout_rooms
D:3:      layout_loops_ring
D:4:      layout_loops_ring, minmay_temple_entry_grid, gup_sewer_entry_spiral
D:5:      cheibrodos_fzero, layout_loops_ring, nicolae_qazlal_general_emergency,
          uniq_duvessa

Skill      XL: |  1  2  3  4  5  6  7  8 |
---------------+-------------------------+-----
Crossbows      | 6 7 9 10 | 10.0
Fighting       | 4 5 |  5.1
Dodging        | 4 5 |  5.5
Stealth        | 3 |  3.0

Action                   |  1- 3 |  4- 6 |  7- 9 || total
-------------------------+-------+-------+-------++-------
Melee: Hand crossbow     |       |       |     1 ||     1
       Unarmed           |       |       |     1 ||     1
 Fire: Hand crossbow     |    65 |   206 |   103 ||   374
Evoke: Wand              |       |       |     1 ||     1
  Use: Scroll            |     3 |     9 |     1 ||    13
       Potion            |     1 |       |     5 ||     6
Armor: Leather armour    |     2 |    23 |       ||    25
       Ring mail         |       |       |    22 ||    22
       Skin              |       |       |     1 ||     1
Dodge: Dodged            |    16 |    56 |    51 ||   123
Block: Buckler           |       |     5 |    52 ||    57
       Other             |       |     3 |       ||     3
       Reflection        |       |       |     1 ||     1

Table legend: (Time is in decaauts)
 A = Elapsed time spent in this place.
 B = Non-inter-level travel time spent in this place.
 C = Inter-level travel time spent in this place.
 D = Time resting spent in this place.
 E = Time spent auto-exploring this place.
 F = Levels seen in this place.
 G = Mean time per level.
                   A        B        C        D        E       F      G
               +--------+--------+--------+--------+--------+-----+--------+
         Total |   4270 |   4142 |    128 |    511 |   2813 |   6 |  711.7 |
       Dungeon |   3541 |   3413 |    128 |    511 |   2213 |   5 |  708.2 |
         Sewer |    728 |    728 |      0 |      0 |    599 |   1 |  728.0 |
               +--------+--------+--------+--------+--------+-----+--------+

Top non-repeatable levels by time:
     D:4: 866 daAuts
     D:1: 800 daAuts
   Sewer: 728 daAuts
     D:3: 673 daAuts
     D:5: 637 daAuts
     D:2: 565 daAuts
